 Dungeon Crawl Stone Soup version 0.29-a0-1027-gcd8c55af63 (webtiles) character file.

Game seed: 13057482322097498740

12 27heaven the Ruffian (level 2, -1/26 HPs)
             Began as a Ghoul Berserker on Aug 12, 2022.
             Slain by a kobold
             ... wielding a +2 dagger of holy wrath
              (2 damage)
             ... on level 1 of the Dungeon.
             The game lasted 00:01:07 (254 turns).

27heaven the Ruffian (Ghoul Berserker)               Turns: 254, Time: 00:01:07

Health: -1/26      AC:  2    Str: 19    XL:     2   Next: 33%
Magic:  1/1        EV: 12    Int:  3    God:
Gold:   17         SH:  0    Dex:  8    Spells: 1/1 levels left

rFire   . . .      SeeInvis .     - Unarmed
rCold   + . .      Faith    .   (no shield)
rNeg    + + +      Spirit   .   a - +0 animal skin
rPois   ∞          Reflect  .   (no helmet)
rElec   .          Harm     .   (no cloak)
rCorr   .          Rampage  .   (no gloves)
Will    .....                   (no boots)
Stlth   +.........              b - amulet of the acrobat
HPRegen 0.00/turn               (no ring)
MPRegen 0.07/turn               (no ring)

@: inhibited regen
A: claws 1, cold resistance 1, negative energy resistance 3, inhibited
regeneration, torment resistance 2, devour on kill
a: no special abilities


You were on level 1 of the Dungeon.
You visited 1 branch of the dungeon, and saw 1 of its levels.

You collected 17 gold pieces.

Inventory:

Armour
 a - a +0 animal skin (worn)
Jewellery
 b - an amulet of the acrobat (around neck)


   Skills:
 + Level 3.4 Fighting
 + Level 2.0 Armour
 + Level 2.0 Dodging
 + Level 3.5 Unarmed Combat


You had one spell level left.
You didn't know any spells.
Your spell library was empty.

Dungeon Overview and Level Annotations

Branches:
Dungeon (1/15)

Altars:


Innate Abilities, Weirdness & Mutations

You are immune to poison.
You have sharp fingernails.
Your flesh is cold resistant. (rC+)
You are immune to negative energy. (rN+++)
You do not regenerate when monsters are visible.
You are immune to unholy pain and torment.
You thrive by killing the living.


Message History

The kobold hits you with a +0 short sword.
You claw the kobold!
You kill the kobold!
A dart slug comes into view.
You see here a +0 short sword.
A dart slug is nearby!
A rat comes into view.
A rat is nearby!
A rat is nearby!
You closely miss the rat. The rat closely misses you.
You scratch the rat.
You kill the rat!
A kobold comes into view.
It is wielding a +2 dagger of holy wrath.
The kobold shouts!
You see here a rat corpse.
A kobold is nearby!
A kobold is nearby!
You open the door. The kobold misses you.
There is an open door here.
The kobold attacks as you move away! The kobold misses you.
Press: ? - help, v - describe, . - travel
Here: a kobold, wielding a +2 dagger of holy wrath An open door.
Unknown command.
You miss the kobold.
The kobold hits you with a +2 dagger of holy wrath.
You convulse.
An endoplasm comes into view.
You scratch the kobold.
The kobold is heavily wounded.
The kobold hits you with a +2 dagger of holy wrath.
You convulse.
* * * LOW HITPOINT WARNING * * *
You barely miss the kobold.
The kobold is heavily wounded.
The kobold hits you with a +2 dagger of holy wrath.
* * * LOW HITPOINT WARNING * * *
You convulse.
You die...

###############
........##....#
........##....###########
........##....##........##
..........................
........#######.†.........
........K@..# #.######....
........###.....# +....
........# ...... #....
........# ##..... #....
........# .K...... #..†.
........##.#...J.#####)†..
##########.#.......#......
.......w.......
...............


You could see an endoplasm and a kobold.

Vanquished Creatures
  A dart slug (D:1)
  A ball python (D:1)
  A hobgoblin (D:1)
  3 bats (D:1)
  3 kobolds (D:1)
  3 rats (D:1)
12 creatures vanquished.

Notes
Turn   | Place    | Note
-------+----------+-------------------------------------------
     0 | D:1      | 27heaven the Ghoul Berserker began the quest for the Orb.
     0 | D:1      | Reached XP level 1. HP: 19/19 MP: 0/0
   177 | D:1      | Fell from the grace of Trog
   199 | D:1      | Reached XP level 2. HP: 20/26 MP: 1/1
   254 | D:1      | HP: 1/26 [kobold/+2 dagger of holy wrath (5)]
   254 | D:1      | Slain by a kobold

Illustrated notes

Levels and vault maps discovered:
D:1:      lemuel_arrival_behind_the_door_small, layout_basic,
          dreamdust_ecumenical_altar_drowned_temple

Skill      XL: |  1 |
---------------+----+-----
Armour         | 2 |  2.0
Dodging        | 2 |  2.0
Fighting       | |  3.4
Unarmed Combat | |  3.5

Action                   || total
-------------------------++-------
Melee: Unarmed           ||    29
       Punch             ||     1
Invok: Renounce Religion ||     1
 Stab: Sleeping          ||     1
Armor: Animal skin       ||     7
Dodge: Dodged            ||    14

Table legend: (Time is in decaauts)
 A = Elapsed time spent in this place.
 B = Non-inter-level travel time spent in this place.
 C = Inter-level travel time spent in this place.
 D = Time resting spent in this place.
 E = Time spent auto-exploring this place.
 F = Levels seen in this place.
 G = Mean time per level.
                   A        B        C        D        E       F      G
               +--------+--------+--------+--------+--------+-----+--------+
         Total |    252 |    252 |      0 |      0 |    164 |   1 |  252.0 |
       Dungeon |    252 |    252 |      0 |      0 |    164 |   1 |  252.0 |
               +--------+--------+--------+--------+--------+-----+--------+

Top non-repeatable levels by time:
     D:1: 252 daAuts
